 Dungeon Crawl Stone Soup version 0.28-a0-390-gb254ac4902 (webtiles) character file.

Game seed: 9792080617555471655

3024 Zebbs the Cleaver (level 9, -9/78 HPs)
             Began as a Minotaur Fighter on Sept 3, 2021.
             Was an Elder of Okawaru.
             Mangled by a two-headed ogre (13 damage)
             ... on level 8 of the Dungeon.
             The game lasted 00:19:06 (8338 turns).

Zebbs the Cleaver (Minotaur Fighter)                Turns: 8338, Time: 00:19:07

Health: -9/78      AC: 22    Str: 24    XL:     9   Next: 55%
Magic:  2/8        EV: 10    Int:  5    God:    Okawaru [****..]
Gold:   326        SH:  6    Dex: 10    Spells: 8/8 levels left

rFire   + . .      SeeInvis .   a - +2 war axe
rCold   . . .      Faith    .   c - +0 buckler
rNeg    . . .      Spirit   .   w - +0 plate armour
rPois   .          Reflect  .   (helmet restricted)
rElec   .          Harm     .   e - +0 cloak
rCorr   .          Rampage  .   l - +0 pair of gloves
Will    +....                   j - +1 pair of boots
Stlth   ..........              (no amulet)
HPRegen 0.23/turn               i - ring of willpower
MPRegen 0.11/turn               h - ring of protection from fire

@: heroic
A: horns 2, retaliatory headbutt
a: Renounce Religion, Heroism, Finesse


You were on level 8 of the Dungeon.
You worshipped Okawaru.
Okawaru was greatly pleased with you.
You visited 2 branches of the dungeon, and saw 9 of its levels.

You collected 414 gold pieces.
You spent 88 gold pieces at shops.

Inventory:

Hand Weapons
 a - a +2 war axe (weapon)
Missiles
 p - 5 atropa-tipped darts (quivered)
Armour
 c - a +0 buckler (worn)
 e - a +0 cloak (worn)
 j - a +1 pair of boots (worn)
 l - a +0 pair of gloves (worn)
 w - a +0 plate armour (worn)
Jewellery
 h - a ring of protection from fire (right hand)
 i - a ring of willpower (left hand)
 q - a ring of ice
Wands
 b - a wand of iceblast (4)
 t - a wand of polymorph (6)
Scrolls
 o - a scroll of magic mapping
 r - a scroll of silence
 s - a scroll of noise {unknown}
 u - a scroll of amnesia {unknown}
Potions
 f - 4 potions of haste
 g - 3 potions of lignification
 n - a potion of ambrosia {unknown}
 v - a potion of flight


   Skills:
 + Level 6.5(11.5) Fighting
 + Level 10.5(15.5) Axes
 + Level 0.2(5.2) Throwing
 + Level 9.9(14.9) Armour
 + Level 2.3(7.3) Dodging
 + Level 1.1(6.1) Stealth
 + Level 5.8(10.8) Shields
 + Level 0.4 Invocations


You had 8 spell levels left.
You didn't know any spells.
Your spell library contained the following spells:

 Spells                   Type           Power      Damage    Failure   Level
 Beastly Appendage        Tmut           0%         N/A       99%         1
 Shock                    Conj/Air       0%         1d3       99%         1
 Sublimation of Blood     Necr           0%         N/A       99%         2
 Wereblood                Tmut           0%         N/A       99%         2
 Gell's Gravitas          Tloc           0%         N/A       100%        3
 Lesser Beckoning         Tloc           0%         N/A       100%        3
 Spider Form              Tmut/Pois      0%         N/A       100%        3
 Swiftness                Air            0%         N/A       100%        3
 Teleport Other           Tloc           0%         N/A       100%        3
 Airstrike                Air            0%         N/A       100%        4
 Petrify                  Tmut/Erth      0%         N/A       100%        4
 Irradiate                Conj/Tmut      0%         3d13      100%        5


Dungeon Overview and Level Annotations

Branches:
Dungeon (8/15)             Temple (1/1) D:4
   Lair: D:8-11

Altars:
Ashenzari
Cheibriados
Dithmenos
Elyvilon
Fedhas
Gozag
Hepliaklqana
Kikubaaqudgha
Nemelex Xobeh
Okawaru
Ru
Sif Muna
Trog
Uskayaw
Vehumet
Wu Jian
Yredelemnul
Zin
The Shining One

Shops:
D:3 ?

Annotations:
D:7 gregwegmann's ghost, novice MiBe


Innate Abilities, Weirdness & Mutations

You have a pair of horns on your head.
You reflexively headbutt those who attack you in melee.


Message History

The two-headed ogre shouts in stereo!
Found a leather armour and a quarterstaff.
There is a stone staircase leading up here.
As you read the scroll of fog, it crumbles to dust.
The scroll dissolves into smoke.
You slash the two-headed ogre! You headbutt the two-headed ogre.
The two-headed ogre is lightly wounded.
You block the two-headed ogre's attack. x2
You hit the two-headed ogre.
The two-headed ogre is lightly wounded.
You barely miss the two-headed ogre. You headbutt the two-headed ogre.
The two-headed ogre is moderately wounded.
The two-headed ogre hits you with a +0 giant club.
* * * LOW HITPOINT WARNING * * *
The two-headed ogre hits you but does no damage.
You feel much better.
The two-headed ogre hits you with a +0 giant club.
The two-headed ogre hits you with a +0 giant spiked club!!
* * * LOW HITPOINT WARNING * * *
Unknown command.
You slash the two-headed ogre! You headbutt the two-headed ogre!
The two-headed ogre is heavily wounded.
The two-headed ogre barely misses you. You furiously retaliate!
You headbutt the two-headed ogre!
The two-headed ogre hits you but does no damage.
You feel much better.
You hit the two-headed ogre.
The two-headed ogre is severely wounded.
The two-headed ogre hits you with a +0 giant club!!
* * * LOW HITPOINT WARNING * * *
The two-headed ogre hits you with a +0 giant spiked club!
* * * LOW HITPOINT WARNING * * *
You gain the combat prowess of a mighty hero.
The two-headed ogre closely misses you. You furiously retaliate!
You headbutt the two-headed ogre! The two-headed ogre misses you.
You hit the two-headed ogre.
The two-headed ogre is severely wounded.
The two-headed ogre barely misses you.
The two-headed ogre hits you with a +0 giant spiked club!
You die...

##+##
##...##
##.....##
##..)....##
#..[......#
+.@O.§§...+
#.§..§§...#
##..§§§§.##
##§§§§§#
##§§§##
##+##


You could see a two-headed ogre.

Vanquished Creatures
  Maggie (D:6)
  Grinder (D:5)
  Sigmund (D:4)
  Eustachio (D:5)
  Menkaure (D:4)
  A sky beast (D:7)
  An ice beast (D:7)
  2 black bears
  7 ogres
  2 centaurs
  A kobold brigand (D:7)
  A bullfrog (D:7)
  2 scorpions
  A water moccasin skeleton (D:5)
  3 wights (D:6)
  2 bullfrog zombies (D:6)
  3 hounds (D:5)
  Crazy Yiuf (D:2)
  A bullfrog skeleton (D:5)
  A centaur skeleton (D:7)
  Ijyb (D:4)
  An iguana (D:7)
  4 orc wizards
  A killer bee zombie (D:7)
  A howler monkey skeleton (D:6)
  6 adders
  2 ufetubi (D:6)
  2 worms (D:2)
  A dart slug (D:2)
  16 orcs
  3 ball pythons
  6 bats
  6 endoplasms
  A giant cockroach (D:3)
  12 goblins
  6 hobgoblins
  4 jackals (D:3)
  4 quokkas
  2 frilled lizards
  A kobold (D:1)
  3 rats (D:2)
117 creatures vanquished.

Notes
Turn   | Place    | Note
-------+----------+-------------------------------------------
     0 | D:1      | Zebbs the Minotaur Fighter began the quest for the Orb.
     0 | D:1      | Reached XP level 1. HP: 19/19 MP: 0/0
   236 | D:1      | Reached XP level 2. HP: 27/27 MP: 1/1
   957 | D:2      | Reached XP level 3. HP: 22/33 MP: 2/2
  1102 | D:2      | Reached skill level 3 in Axes
  1143 | D:2      | Found a faded altar of an unknown god.
  1844 | D:2      | Found a runed translucent door.
  1845 | D:2      | Noticed Crazy Yiuf
  1854 | D:2      | Killed Crazy Yiuf
  1855 | D:2      | Reached XP level 4. HP: 12/40 MP: 3/3
  1864 | D:2      | HP: 3/60 [poisoned by Crazy Yiuf]
  2513 | D:3      | Found an iron altar of Okawaru.
  2518 | D:3      | Became a worshipper of Warmaster Okawaru
  2577 | D:3      | Reached skill level 4 in Axes
  2656 | D:3      | Noticed an ogre
  2660 | D:3      | Killed an ogre
  2661 | D:3      | Reached skill level 5 in Armour
  2661 | D:3      | Reached XP level 5. HP: 36/47 MP: 4/4
  3165 | D:3      | Found Tis Viul's Magic Scroll Shop.
  3172 | D:3      | Bought a scroll of identify for 22 gold pieces
  3172 | D:3      | Bought a scroll of identify for 22 gold pieces
  3172 | D:3      | Bought a scroll of identify for 22 gold pieces
  3172 | D:3      | Bought a scroll of identify for 22 gold pieces
  3231 | D:4      | Noticed Ijyb
  3241 | D:4      | Killed Ijyb
  3241 | D:4      | Noticed an ogre
  3247 | D:4      | Killed an ogre
  3247 | D:4      | Reached * piety under Okawaru
  3248 | D:4      | Reached skill level 5 in Axes
  3248 | D:4      | Reached XP level 6. HP: 24/53 MP: 5/5
  3831 | D:4      | Noticed Menkaure
  3833 | D:4      | Killed Menkaure
  4088 | D:4      | Found a hazy altar of Hepliaklqana.
  4088 | D:4      | Found a radiant altar of Vehumet.
  4194 | D:4      | Noticed Sigmund
  4216 | D:4      | Killed Sigmund
  4217 | D:4      | Reached skill level 5 in Fighting
  4217 | D:4      | Reached skill level 6 in Axes
  4217 | D:4      | Reached XP level 7. HP: 51/61 MP: 6/6
  4475 | D:4      | Identified the +12 whip "Jyrodaug" {vorpal, Will+}
  4617 | D:4      | Found a staircase to the Ecumenical Temple.
  4624 | Temple   | Entered the Ecumenical Temple
  5173 | D:5      | Entered Level 5 of the Dungeon
  5176 | D:5      | Noticed Grinder
  5177 | D:5      | Paralysed by Grinder for 4 turns
  5183 | D:5      | Killed Grinder
  5183 | D:5      | Reached ** piety under Okawaru
  5184 | D:5      | Reached skill level 1 in Dodging
  5261 | D:5      | You fall into a shaft and drop 2 floors!
  5291 | D:7      | Reached skill level 7 in Axes
  5387 | D:7      | Reached XP level 8. HP: 61/68 MP: 7/7
  5397 | D:7      | Identified the +0 robe of the Blessed Realm {*Corrode rF+
                  | Will+}
  5760 | D:7      | Reached skill level 1 in Stealth
  6056 | D:6      | Reached skill level 8 in Axes
  6067 | D:6      | Reached *** piety under Okawaru
  6068 | D:6      | Reached skill level 5 in Shields
  6519 | D:6      | Reached skill level 9 in Axes
  6548 | D:6      | Reached XP level 9. HP: 24/64 MP: 8/8
  6936 | D:6      | Noticed Maggie
  6952 | D:6      | Killed Maggie
  7315 | D:6      | Identified the +9 great mace "Gewoack" {vorpal, +Blink
                  | +Rage Dex+3}
  7527 | D:5      | Reached **** piety under Okawaru
  7531 | D:5      | Reached skill level 10 in Axes
  7594 | D:5      | Found a white marble altar of Elyvilon.
  7597 | D:5      | Found a glowing golden altar of the Shining One.
  7598 | D:5      | Found a glowing silver altar of Zin.
  7971 | D:5      | Noticed Eustachio
  7977 | D:5      | Killed Eustachio
  8297 | D:7      | Found a runed translucent gate.
  8297 | D:7      | Found a runed translucent gate.
  8297 | D:7      | Found a runed translucent gate.
  8298 | D:7      | Noticed a kobold demonologist
  8298 | D:7      | Noticed gregwegmann's ghost (novice MiBe)
  8315 | D:7      | Noticed a hellwing
  8317 | D:7      | Noticed a hellwing
  8321 | D:7      | HP: 2/78 [hellwing[a kobold demonologist] (10)]
  8325 | D:8      | Noticed a two-headed ogre
  8338 | D:8      | Mangled by a two-headed ogre

Illustrated notes

Levels and vault maps discovered:
D:1:      ebering_trefoil_twist, layout_basic
D:2:      layout_loops_ring, hellmonk_ecumenical_altar_run_dry,
          uniq_crazy_yiuf_cottage
D:3:      layout_basic, okawaru_gym_becter, serial_shops,
          nicolae_shop_behind_doors
D:4:      layout_loops_corners, gammafunk_temple_overflow_wave,
          minmay_temple_entry_junction, uniq_ijyb, uniq_menkaure, uniq_sigmund
D:5:      layout_gridville, good_gods_temple_1, uniq_grinder, uniq_eustachio
D:6:      layout_gridville, uniq_maggie
D:7:      layout_cave_pods, gammafunk_ghost_nasty_kobolds, worms_lemuel
D:8:      layout_loops_corners, doesnt_xom_only_xom, gammafunk_ghost_necromancy,
          nicolae_two_hexagons, minmay_bent
Temple:   oiseaux_autumnal_temple

Skill      XL: |  1  2  3  4  5  6  7  8  9 |
---------------+----------------------------+-----
Fighting       | 4 5 6 |  6.5
Shields        | 4 5 |  5.8
Armour         | 4 5 6 7 8 9 |  9.9
Axes           | 3 4 5 6 7 9 10 | 10.5
Dodging        | 2 |  2.3
Stealth        | 1 |  1.1
Throwing       | |  0.2
Invocations    | |  0.4

Action                   |  1- 3 |  4- 6 |  7- 9 || total
-------------------------+-------+-------+-------++-------
Melee: War axe           |    97 |    71 |   167 ||   335
       Headbutt          |    12 |    13 |    42 ||    67
Throw: Dart              |       |       |     1 ||     1
Invok: Heroism           |       |     1 |     4 ||     5
       Finesse           |       |       |     1 ||     1
  Use: Scroll            |     1 |     3 |     9 ||    13
       Potion            |       |     4 |     2 ||     6
Armor: Chain mail        |    54 |    33 |    73 ||   160
       Scale mail        |     4 |       |       ||     4
       Plate armour      |       |       |    25 ||    25
Dodge: Dodged            |    28 |    20 |   108 ||   156
Block: Buckler           |    23 |    12 |    42 ||    77

Table legend: (Time is in decaauts)
 A = Elapsed time spent in this place.
 B = Non-inter-level travel time spent in this place.
 C = Inter-level travel time spent in this place.
 D = Time resting spent in this place.
 E = Time spent auto-exploring this place.
 F = Levels seen in this place.
 G = Mean time per level.
                   A        B        C        D        E       F      G
               +--------+--------+--------+--------+--------+-----+--------+
         Total |   8387 |   8387 |      0 |   2271 |   4483 |   9 |  931.9 |
       Dungeon |   8136 |   8136 |      0 |   2271 |   4262 |   8 | 1017.0 |
        Temple |    250 |    250 |      0 |      0 |    221 |   1 |  250.0 |
               +--------+--------+--------+--------+--------+-----+--------+

Top non-repeatable levels by time:
     D:4: 1708 daAuts
     D:2: 1506 daAuts
     D:6: 1505 daAuts
     D:3: 884 daAuts
     D:1: 863 daAuts
     D:7: 841 daAuts
     D:5: 814 daAuts
  Temple: 250 daAuts
     D:8: 12 daAuts
